 Dungeon Crawl Stone Soup version 0.32-a0-705-g60f233581c (webtiles) character file.

Game seed: 6189521083627152191

425182 Farquar the Slayer (level 22, -30/217 HPs)
             Began as a Minotaur Wanderer on Apr 21, 2023.
             Was the Champion of Dithmenos.
             Hit by a large rock thrown by Parghit (47 damage)
             ... on level 4 of the Depths on Mar 14, 2024.
             The game lasted 05:36:45 (63523 turns).

Farquar the Slayer (Minotaur Wanderer)             Turns: 63523, Time: 05:36:45

Health: -30/217    AC: 29    Str: 26    XL:     22   Next: 73%
Magic:  33/33      EV: 17    Int:  9    God:    Dithmenos [******]
Gold:   8011       SH:  5    Dex: 22    Spells: 21/21 levels left

rFire   + . .        a - +12 spear of Pain and Death {speed, Int+2 Dex+3}
rCold   + . .        W - orb of Devotion {mayhem, *Corrode rPois rN+++ Will+}
rNeg    + + +        N - +8 chain mail "Luegaaq" {Rampage rElec rCorr Dex-2}
rPois   +            h - +2 hat {Int+3}
rElec   +            O - +2 cloak {Stlth+}
rCorr   +            p - +2 pair of gloves
SInv    .            L - +0 pair of boots
Will    ++...        z - amulet of reflection Stlth *+++++++++
                     A - ring of protection from fire
HPRegen 0.56/turn    q - ring of protection from cold
MPRegen 0.23/turn

%: corrode self (3%), mayhem, reflection, rampage
@: mighty, corroded, hasted, wreathed by umbra, studying 2 skills, invisible,
very quick
A: horns 2, retaliatory headbutt, thin skeletal structure 1, strong 1,
MP-powered wands
}: 2/15 runes: barnacled, gossamer
a: Renounce Religion, Shadow Step, Shadow Form


You were on level 4 of the Depths.
You worshipped Dithmenos.
Dithmenos was exalted by your worship.
You visited 9 branches of the dungeon, and saw 40 of its levels.
You also visited: Ossuary, Ice Cave and Wizlab.

You collected 10020 gold pieces.
You spent 2009 gold pieces at shops.

Inventory:

Hand Weapons
 a - the +12 spear of Pain and Death (weapon) {speed, Int+2 Dex+3}
   (You found it on level 10 of the Dungeon)

   Int+2:     It affects your intelligence (+2).
   Dex+3:     It affects your dexterity (+3).
 b - a +3 demon trident of flaming
Missiles
 e - 3 throwing nets (quivered)
Armour
 g - +0 gold dragon scales
 h - a +2 hat of intelligence (worn)
 p - a +2 pair of gloves (worn)
 K - the +3 kite shield of the Morning Star {*Slow Regen+ Int+2}
   (You found it on level 3 of the Depths)

   Int+2:     It affects your intelligence (+2).
   Regen+:    It increases your rate of health regeneration.
   *Slow:     It may slow you when you take damage.
 L - a +0 pair of boots (worn)
 N - the +8 chain mail "Luegaaq" (worn) {Rampage rElec rCorr Dex-2}
   (You found it on level 10 of the Dungeon)

   Dex-2:     It affects your dexterity (-2).
   rElec:     It insulates you from electricity.
   rCorr:     It protects you from acid and corrosion.
   Rampage:   It bestows one free step when moving towards enemies.
 O - a +2 cloak of stealth (worn)
 W - the orb of Devotion (worn) {mayhem, *Corrode rPois rN+++ Will+}
   (You found it on level 1 of the Lair of Beasts)

   rPois:     It protects you from poison.
   rN+++:     It renders you almost immune to negative energy.
   Will+:     It increases your willpower.
   *Corrode:  It may corrode you when you take damage.
 Z - a +1 kite shield of poison resistance
Jewellery
 c - a +4 ring of protection
 m - a ring of willpower
 q - a ring of protection from cold (right hand)
 z - an amulet of reflection (around neck)
 A - a ring of protection from fire (left hand)
 E - a ring of see invisible
 S - the ring "Meypiqoa" {rElec rCorr Str+6 Int-2}
   (You bought it in a shop on level 3 of the Depths)

   [ring of strength]

   Str+6:     It affects your strength (+6).
   Int-2:     It affects your intelligence (-2).
   rElec:     It insulates you from electricity.
   rCorr:     It protects you from acid and corrosion.
 Y - the ring "Junitid" {rC- Will+ Dex+3 Slay+2 SInv}
   (You bought it in a shop on level 3 of the Vaults)

   [ring of see invisible]

   Dex+3:     It affects your dexterity (+3).
   Slay+2:    It affects your accuracy & damage with ranged weapons and melee
   (+2).
   rC-:       It makes you vulnerable to cold.
   Will+:     It increases your willpower.
   SInv:      It lets you see invisible.
Wands
 o - a wand of flame (80)
 x - a wand of paralysis (15)
 y - a wand of polymorph (20)
 C - a wand of quicksilver (19)
 J - a wand of mindburst (17)
 T - a wand of digging (9)
 U - a wand of iceblast (32)
Scrolls
 d - 3 scrolls of silence
 j - 8 scrolls of fear
 k - 17 scrolls of teleportation
 l - 4 scrolls of enchant armour
 G - 4 scrolls of fog
 I - a scroll of brand weapon
 M - 6 scrolls of revelation
 R - 2 scrolls of summoning
 V - 6 scrolls of blinking
Potions
 f - 3 potions of haste
 i - 5 potions of might
 n - 8 potions of enlightenment
 r - 2 potions of brilliance
 s - 5 potions of mutation
 t - 3 potions of invisibility
 u - 17 potions of curing
 v - 6 potions of resistance
 w - 6 potions of ambrosia
 B - 3 potions of attraction
 F - 2 potions of berserk rage
 H - a potion of magic
 P - 2 potions of lignification
 Q - 5 potions of cancellation
 X - 2 potions of heal wounds
Miscellaneous
 D - a phantom mirror (inert)


   Skills:
 * Level 22.5 Fighting
 - Level 22.0 Polearms
 - Level 21.5 Armour
 + Level 12.9 Dodging
 - Level 15.8 Stealth
 - Level 13.1 Shields
 + Level 17.9 Invocations


You had 21 spell levels left.
You didn't know any spells.
Your spell library contained the following spells:

 Spells                   Type           Power      Damage    Failure   Level
 Apportation              Tloc           0%         N/A       69%         1
 Necrotise                Necr           0%         1d4       69%         1
 Slow                     Hex            0%         N/A       69%         1
 Sting                    Conj/Alch      0%         1d3       69%         1
 Summon Small Mammal      Summ           0%         N/A       69%         1
 Blink                    Tloc           0%         N/A       83%         2
 Lesser Beckoning         Tloc           0%         N/A       83%         2
 Mercury Vapours          Alch/Air       0%         N/A       83%         2
 Momentum Strike          Conj/Tloc      0%         3d8       83%         2
 Confusing Touch          Hex            0%         N/A       96%         3
 Gell's Gravitas          Tloc           0%         N/A       96%         3
 Hailstorm                Conj/Ice       0%         3d5       96%         3
 Ozocubu's Armour         Ice            0%         N/A       96%         3
 Teleport Other           Tloc           0%         N/A       96%         3
 Tukima's Dance           Hex            0%         N/A       96%         3
 Vampiric Draining        Necr           0%         2d6       96%         3
 Anguish                  Hex/Necr       0%         N/A       100%        4
 Iskenderun's Mystic Bla  Conj/Tloc      0%         2d3       100%        4
 Manifold Assault         Tloc           0%         N/A       100%        4
 Olgreb's Toxic Radiance  Alch           0%         N/A       100%        4
 Passage of Golubria      Tloc           0%         N/A       100%        4
 Petrify                  Alch/Erth      0%         N/A       100%        4
 Summon Blazeheart Golem  Fire/Summ      0%         N/A       100%        4
 Alistair's Intoxication  Alch           0%         N/A       100%        5
 Borgnjor's Vile Clutch   Necr/Erth      0%         N/A       100%        5
 Curse of Agony           Necr           0%         N/A       100%        5
 Metabolic Englaciation   Hex/Ice        0%         N/A       100%        5
 Yara's Violent Unravell  Hex/Alch       0%         3d3       100%        5
 Eringya's Noxious Bog    Alch           0%         4d6       100%        6
 Sculpt Simulacrum        Ice/Alch       0%         N/A       100%        6
 Enfeeble                 Hex            0%         N/A       100%        7
 Orb of Destruction       Conj           0%         9d5       100%        7
 Ozocubu's Refrigeration  Ice            0%         4d7       100%        7
 Spellforged Servitor     Conj/Summ      0%         N/A       100%        7
 Discord                  Hex            0%         N/A       100%        8
 Ignition                 Fire           0%         3d3       100%        8
 Polar Vortex             Ice            0%         N/A       100%        9


Dungeon Overview and Level Annotations

Branches:
Dungeon (15/15)            Temple (1/1) D:4            Lair (5/5) D:11
 Shoals (4/4) Lair:3       Spider (4/4) Lair:2        Slime (0/5) Lair:4
    Orc (2/2) D:11            Elf (0/3) Orc:2        Vaults (4/5) D:13
  Crypt (0/3) Vaults:2     Depths (4/4) D:15           Hell (visited)
Ossuary (visited)           IceCv (visited)          WizLab (visited)
    Dis: Hell:1         Geh: Hell:1         Coc: Hell:1         Tar: Hell:1
    Zot: Depths:4

Altars:
Ashenzari
Cheibriados
Dithmenos
Elyvilon
Fedhas
Gozag
Hepliaklqana
Kikubaaqudgha
Makhleb
Nemelex Xobeh
Okawaru
Qazlal
Ru
Sif Muna
Trog
Uskayaw
Vehumet
Wu Jian
Xom
Yredelemnul
Zin
The Shining One
Beogh
Jiyva

Shops:
D:2 :[:?   D:4 *   D:12 *   Orc:1 !:[[(   Orc:2 (*[(   Vaults:2 (:[
Vaults:3 *   Depths:2 [   Depths:3 =

Portals:
Hell: Depths:1 Depths:2 Depths:3 Depths:4
Abyss: Depths:3
Pandemonium: Depths:2
Ziggurat: Depths:3

Annotations:
Shoals:3 1 runed translucent door, Busoho's ghost, adept MiFi
Depths:1 1 runed translucent door, Osilorir's ghost, veteran MfMo
Depths:3 1 runed translucent door, Cagrigri's ghost, adept TrMo
Depths:4 Grunn; Parghit


Innate Abilities, Weirdness & Mutations

You have a pair of horns on your head.
You reflexively headbutt those who attack you in melee.
You have a somewhat thin skeletal structure. (Dex +2, Stealth+)
Your muscles are strong. (Str +4, Int/Dex -1)
You expend magic power (3 MP) to strengthen your wands.


Message History

Reach: a) +12 spear of Pain and Death {speed, Int+2 Dex+3}
Press: ? - help, Dir - move target, f/p - Parghit
Aim: Parghit, wearing +8 gold dragon scales and quivering large rocks (black smoke, moderately wounded, wandering, unable to see you, hasn't noticed you, umbra, about 16% to evade the +12 spear of Pain and Death)
You reach to attack!
You puncture Parghit!
Parghit is moderately wounded.
Reach: a) +12 spear of Pain and Death {speed, Int+2 Dex+3}
Press: ? - help, Dir - move target, f/p - Parghit
Aim: Parghit, wearing +8 gold dragon scales and quivering large rocks (lightly wounded, wandering, unable to see you, hasn't noticed you, umbra, about 16% to evade the +12 spear of Pain and Death)
You reach to attack!
You hit Parghit but do no damage.
Parghit is lightly wounded.
Your shadow hits Parghit but does no damage.
Reach: a) +12 spear of Pain and Death {speed, Int+2 Dex+3}
Press: ? - help, Dir - move target, f/p - Parghit
Aim: Parghit, wearing +8 gold dragon scales and quivering large rocks (black smoke, lightly wounded, wandering, unable to see you, hasn't noticed you, umbra, about 16% to evade the +12 spear of Pain and Death)
You reach to attack!
You catch the helpless Parghit completely off-guard!
You puncture Parghit!
Parghit is moderately wounded.
Reach: a) +12 spear of Pain and Death {speed, Int+2 Dex+3}
Press: ? - help, Dir - move target, f/p - Parghit
Aim: Parghit, wearing +8 gold dragon scales and quivering large rocks (black smoke, moderately wounded, wandering, unable to see you, hasn't noticed you, umbra, about 16% to evade the +12 spear of Pain and Death)
You reach to attack!
You puncture Parghit!
Parghit is moderately wounded.
Reach: a) +12 spear of Pain and Death {speed, Int+2 Dex+3}
Press: ? - help, Dir - move target, f/p - Parghit
Aim: Parghit, wearing +8 gold dragon scales and quivering large rocks (black smoke, moderately wounded, wandering, unable to see you, hasn't noticed you, umbra, about 16% to evade the +12 spear of Pain and Death)
You reach to attack!
You strike the helpless Parghit from behind!
You puncture Parghit!
Parghit is heavily wounded.
Your shadow hits Parghit from afar with a spear.
Reach: a) +12 spear of Pain and Death {speed, Int+2 Dex+3}
Press: ? - help, Dir - move target, f/p - Parghit
Aim: Parghit, wearing +8 gold dragon scales and quivering large rocks (heavily wounded, wandering, unable to see you, hasn't noticed you, umbra, about 16% to evade the +12 spear of Pain and Death)
You reach to attack!
You catch the helpless Parghit completely off-guard!
You hit Parghit but do no damage.
Parghit is heavily wounded.
Parghit throws a large rock.
The large rock hits you!!!
You die...

#.###..#
#########.##...#
#..............#
#........#†[.#.#
#~ß....ß~#...#.# #
#~...§§§§##....# ..≈≈#
#~.§.§§§§#..†..#.^..≈≈#
#~..T§§§§#.....#....§§#
#~ß...@ߧ#.....#....§§≈
#~..[...§##....#....§§≈
#~......~#.....#.....P.
#~......~#.............
#~ß....ß~#.............
#~......~#.............
#~......~#..[..........
#~......~###.##........
#≈ß....ß~##..#V........


You could see Parghit (unable to see you).

Vanquished Creatures
  An ancient lich (WizLab)
  A juggernaut (Depths:1)
  Sojobo (Depths:1)
  A caustic shrike (Depths:2)
  6 golden dragons
  Arachne (Spider:4)
  Jorgrun (Shoals:2)
  Rupert (D:13)
  A walking earthen tome (Depths:2)
  4 tentacled monstrosities
  2 liches (Depths:3)
  2 walking crystal tomes
  A walking frostbound tome (D:15)
  A walking divine tome (Depths:2)
  A quicksilver dragon (Depths:4)
  A kraken (Shoals:1)
  2 ancient champions (WizLab)
  7 sphinxes
  Frances (D:12)
  4 shadow dragons
  A storm dragon (Vaults:1)
  6 tengu reavers
  Kirke (Lair:3)
  An azure jelly (Lair:5)
  8 frost giants
  6 fire giants
  A deep elf sorcerer (Vaults:4)
  12 vault wardens
  7 ghost moths
  3 iron dragons
  4 emperor scorpions
  12 ironbound preservers
  An orc warlord (Vaults:1)
  A reaper (IceCv)
  7 stone giants
  A spriggan defender (Depths:3)
  2 broodmothers
  8 ironbound thunderhulks
  A green draconian (Depths:3)
  A war gargoyle (Vaults:2)
  14 very ugly things
  The ghost of Pooter the Severer, a journeyman MiMo of Okawaru (Lair:5)
  2 minotaurs (Shoals:4)
  5 vampire knights
  A deep elf demonologist (Vaults:1)
  15 dire elephants
  10 spark wasps
  A white draconian (Depths:4)
  9 ettins
  Snorg (Lair:3)
  11 yaktaur captains
  8 merfolk impalers
  2 crystal guardians (Vaults:2)
  9 fire dragons
  Josephine (D:15)
  3 great orbs of eyes
  4 entropy weavers
  6 merfolk javelineers
  Harold (D:9)
  A deep elf high priest (Vaults:2)
  A rakshasa (Depths:2)
  7 vault guards
  13 ice dragons
  3 spriggan air magi
  5 hydras
  5 jorogumos
  11 ironbound frosthearts
  2 radroaches
  5 peacekeepers
  A catoblepas (shapeshifter) (Vaults:2)
  A merfolk avatar (Shoals:2)
  2 ogre magi (Orc:2)
  A catoblepas (D:14)
  Erica (D:11)
  2 merfolk aquamancers
  15 satyrs
  6 boulder beetles
  An alligator snapping turtle (Shoals:2)
  13 deep troll earth magi
  7 deep troll shamans
  6 two-headed ogres (Orc:2)
  11 centaur warriors
  5 death yaks
  3 tengu warriors
  A vampire mage (Depths:1)
  Urug (Lair:3)
  8 hell hogs (Depths:3)
  3 spriggan berserkers
  8 iron trolls
  6 pharaoh ants
  A shadow wraith (Vaults:1)
  7 skysharks
  5 skeletal warriors (WizLab)
  6 sea snakes
  A sea snake (shapeshifter) (Depths:3)
  4 glowing orange brains
  A sun moth (Spider:4)
  9 steelbarb worms
  18 lindwurms
  62 deep trolls
  4 flayed ghosts
  An occultist (D:15)
  7 orb spiders
  2 necromancers (Vaults:2)
  An orc knight (Orc:2)
  13 ironbound convokers
  12 harpies
  18 fauns
  19 wolf spiders
  11 manticores
  2 orc sorcerers
  43 ugly things
  A moth of wrath (Spider:2)
  8 cyclopes
  An ice statue (IceCv)
  A manticore (shapeshifter) (Vaults:2)
  4 elephants
  Maurice (D:8)
  3 molten gargoyles (Lair:5)
  5 merfolk sirens
  11 vault sentinels
  Joseph (D:6)
  4 water nymphs
  6 black mambas
  9 cane toads
  Maggie (D:7)
  7 torpor snails
  7 demonic crawlers
  2 gargoyles
  5 kobold demonologists
  4 anaconda simulacra (IceCv)
  39 yaktaurs
  5 rime drakes
  7 komodo dragons
  2 efreet
  A komodo dragon (shapeshifter) (D:13)
  2 tengu conjurers
  A freezing wraith (D:14)
  5 wind drakes
  11 meliai
  A queen bee (Lair:5)
  3 hornets (Lair:5)
  2 polar bears (Lair:5)
  33 tarantellas
  11 trolls
  Prince Ribbit (D:5)
  24 merfolk
  A tengu simulacrum (Vaults:4)
  12 dream sheep
  21 blink frogs
  Grinder (D:3)
  A dream sheep (shapeshifter) (Depths:3)
  6 snapping turtles
  40 slime creatures
  Sigmund (D:5)
  23 jumping spiders
  A dire elephant simulacrum (IceCv)
  5 water elementals
  Eustachio (D:6)
  9 wyverns
  6 vampires
  13 culicivoras
  31 yaks
  8 wraiths
  2 fire bats (Depths:2)
  7 basilisks
  2 hogs (Lair:3)
  6 humans (D:13)
  2 steam dragons
  38 redbacks
  4 hell hounds (Lair:5)
  2 death yak simulacra (IceCv)
  3 wargs
  7 two-headed ogre zombies (WizLab)
  A glass eye (D:15)
  3 acid dragons
  8 water moccasins
  2 sky beasts
  12 orc warriors
  2 ice beasts
  2 black bears
  22 centaurs
  18 ogres
  A phantom (D:6)
  18 wolves
  5 kobold brigands
  9 bullfrogs
  Blork the orc (D:5)
  An earth elemental (D:12)
  2 elf skeletons (D:4)
  2 cane toad simulacra (IceCv)
  A gnoll sergeant (D:8)
  5 two-headed ogre simulacra (IceCv)
  5 scorpions
  3 water moccasin zombies (Ossuary)
  4 wights (WizLab)
  10 troll zombies (WizLab)
  24 killer bees
  3 elephant simulacra (IceCv)
  A vampire bat (Orc:2)
  A howler monkey (D:6)
  2 electric eels (Lair:1)
  5 lava snakes (Lair:5)
  4 hounds
  A human zombie (D:4)
  7 jellies
  12 orc priests
  Crazy Yiuf (D:3)
  3 gnoll boudas
  Ijyb (D:3)
  Jessica (D:3)
  4 iguanas
  6 orc wizards
  A human skeleton (D:4)
  2 polar bear simulacra (IceCv)
  9 troll simulacra (IceCv)
  7 spriggan simulacra (IceCv)
  3 wolf simulacra (IceCv)
  3 ogre zombies (WizLab)
  2 mummies (Ossuary)
  13 gnolls
  8 adders
  A naga simulacrum (IceCv)
  A shadow imp (D:7)
  6 white imps
  5 ufetubi
  5 adder zombies (Ossuary)
  3 ribbon worms
  2 dart slugs
  41 orcs
  6 endoplasms
  8 giant cockroaches
  4 gnoll zombies (Ossuary)
  9 goblins
  7 hobgoblins
  5 quokkas
  3 ball pythons
  10 bats
  5 frilled lizards
  5 hobgoblin zombies (Ossuary)
  7 kobolds
  2 kobold zombies (Ossuary)
  An orc skeleton (D:4)
  7 orc zombies
  3 rats
1519 creatures vanquished.

Vanquished Creatures (collateral kills)
  A caustic shrike (Depths:2)
  A golden dragon (Depths:2)
  Ilsuiw (Shoals:2)
  A vault warden (Vaults:3)
  4 ironbound preservers
  A stone giant (Depths:3)
  5 very ugly things
  An ironbound thunderhulk (Vaults:3)
  A spark wasp (Depths:3)
  A dire elephant (Vaults:2)
  A merfolk impaler (Shoals:2)
  A fire dragon (Depths:3)
  2 ettins
  A merfolk javelineer (Shoals:2)
  2 yaktaur captains
  2 vault guards
  A radroach (Spider:2)
  A merfolk avatar (Shoals:2)
  2 satyrs (Shoals:4)
  2 deep troll shamans (Depths:3)
  3 deep troll earth magi
  A hell hog (Depths:3)
  A hell knight (Depths:2)
  An iron troll (D:15)
  A sea snake (Shoals:4)
  A skeletal warrior (WizLab)
  2 lindwurms
  3 ironbound convokers
  An occultist (Vaults:4)
  11 deep trolls
  13 ugly things
  A manticore (Shoals:4)
  8 fauns
  3 merfolk sirens
  A black mamba (Lair:5)
  A vault sentinel (Vaults:4)
  A cane toad (Lair:5)
  8 yaktaurs
  A troll (Orc:2)
  2 merfolk (Shoals:4)
  A polar bear (Lair:3)
  A dream sheep (Lair:3)
  2 jumping spiders
  A snapping turtle (Shoals:4)
  A blink frog (Lair:3)
  A culicivora (Spider:4)
  4 slime creatures
  A vampire (WizLab)
  2 yaks
  3 humans (D:13)
  A water elemental (Depths:3)
  A hog (Lair:3)
  7 redbacks
  2 orc warriors
  5 ogres
  2 centaurs
  2 wolves (Lair:3)
  A vampire bat (Orc:2)
  An orc priest (Orc:1)
  3 orcs (Orc:1)
138 creatures vanquished.

Vanquished Creatures (others)
  Asterion (D:15)
  A walking crystal tome (Depths:3)
  A fire giant (Depths:3)
  A very ugly thing (Depths:1)
  A war gargoyle (Vaults:2)
  A stone giant (Depths:3)
  An ironbound thunderhulk (Vaults:4)
  A spark wasp (Depths:2)
  A fire dragon (Depths:3)
  2 entropy weavers
  An ice dragon (Depths:3)
  A yaktaur captain (Vaults:4)
  A rakshasa (Depths:1)
  3 satyrs
  A two-headed ogre (Orc:2)
  2 deep troll earth magi
  Sonja (D:11)
  An orb spider (Spider:2)
  2 ironbound convokers (Vaults:4)
  2 ugly things
  2 fauns (Shoals:4)
  A moth of wrath (Spider:4)
  A merfolk siren (Shoals:4)
  A tengu conjurer (D:15)
  2 trolls
  3 merfolk
  2 tarantellas (Spider:4)
  A blink frog (Lair:5)
  A jumping spider (Spider:4)
  A human (D:13)
  5 redbacks
  A redback (shapeshifter) (Depths:3)
  2 wolves (Lair:5)
  2 wights (WizLab)
  A jelly (Lair:5)
  A kobold (D:12)
  4 tentacles (Shoals:1)
57 creatures vanquished.

Grand Total: 1714 creatures vanquished

Notes
Turn   | Place    | Note
-------+----------+-------------------------------------------
     0 | D:1      | Farquar the Minotaur Wanderer began the quest for the Orb.
     0 | D:1      | Farquar set off with the following items: a +0 trident, a
                  | potion of attraction, a +0 ring mail, a scroll of silence.
     0 | D:1      | Reached XP level 1. HP: 18/18 MP: 0/0
     0 | D:1      | +Dith
     0 | D:1      | Upgraded the game from 0.30-a0-1114-gd936c97349 to
                  | 0.30-a0-1116-gebefce21f7
     0 | D:1      | +1h pole +Shi +Ste -Evo -Miss
   346 | D:1      | Reached XP level 2. HP: 26/26 MP: 1/1
   909 | D:2      | Found Qeobos's Magic Scroll Shoppe.
  1149 | D:2      | Found Qoub's Book Shoppe.
  1162 | D:2      | Found a hazy altar of Hepliaklqana.
  1167 | D:2      | Reached XP level 3. HP: 33/33 MP: 2/2
  1173 | D:2      | Found Leippu's Armour Shop.
  1234 | D:2      | Found Foebiah's Book Shop.
  1366 | D:3      | Reached skill level 1 in Stealth
  1391 | D:3      | Found a sparkling altar of Nemelex Xobeh.
  1431 | D:3      | Noticed Ijyb
  1440 | D:3      | Paralysed by Ijyb for 4 turns
  1453 | D:3      | Paralysed by Ijyb for 3 turns
  1464 | D:3      | Killed Ijyb
  1465 | D:3      | Reached skill level 1 in Dodging
  1465 | D:3      | Reached XP level 4. HP: 18/41 MP: 3/3
  1731 | D:3      | Noticed Grinder
  1749 | D:3      | Killed Grinder
  1750 | D:3      | Reached XP level 5. HP: 38/47 MP: 4/4
  1750 | D:3      | Reached XP level 6. HP: 43/53 MP: 5/5
  1819 | D:3      | Noticed Jessica
  1828 | D:3      | Killed Jessica
  2280 | D:3      | Upgraded the game from 0.30-a0-1116-gebefce21f7 to
                  | 0.30-a0-1157-g2cc9ac7196
  2280 | D:3      | Found a runed translucent door.
  2281 | D:3      | Noticed Crazy Yiuf
  2295 | D:3      | Killed Crazy Yiuf
  2426 | D:4      | Identified a scroll of acquirement
  2429 | D:4      | Acquired a +4 glaive of holy wrath
  2448 | D:4      | Found a sand-covered staircase.
  2455 | Ossuary  | Entered an ossuary
  2508 | Ossuary  | Reached XP level 7. HP: 59/60 MP: 6/6
  2817 | D:4      | Found Osushot's General Store.
  2916 | D:4      | Found a staircase to the Ecumenical Temple.
  3024 | D:4      | Found an ornate altar of the Wu Jian Council.
  3025 | D:4      | Found a shimmering blue altar of Sif Muna.
  3524 | D:5      | Entered Level 5 of the Dungeon
  3822 | D:5      | Noticed Sigmund
  3947 | D:4      | Reached skill level 5 in Armour
  3949 | D:4      | Reached XP level 8. HP: 47/67 MP: 7/7
  3956 | Temple   | Entered the Ecumenical Temple
  4133 | Temple   | Became a worshipper of Dithmenos the Shadowed
  4471 | D:5      | Noticed Prince Ribbit
  4483 | D:5      | Killed Prince Ribbit
  4484 | D:5      | Reached skill level 10 in Polearms
  4529 | D:5      | Noticed Blork the orc
  4589 | D:5      | Killed Blork the orc
  5041 | D:6      | Found a white marble altar of Elyvilon.
  5082 | D:6      | Found a hide-covered altar of Uskayaw.
  5118 | D:6      | Noticed Eustachio
  5122 | D:6      | Killed Eustachio
  5272 | D:6      | Reached XP level 9. HP: 72/72 MP: 8/8
  5478 | D:6      | Reached skill level 1 in Invocations
  5486 | D:6      | Reached skill level 10 in Fighting
  5486 | D:6      | Reached XP level 10. HP: 94/94 MP: 9/9
  6011 | D:6      | Reached * piety under Dithmenos
  6182 | D:7      | Noticed Joseph
  6277 | D:6      | Killed Joseph
  6951 | D:7      | Noticed Maggie
  6965 | D:7      | Killed Maggie
  7063 | D:7      | Gained mutation: You expend magic power (3 MP) to
                  | strengthen your wands. [potion of mutation]
  7063 | D:7      | Gained mutation: You have a somewhat thin skeletal
                  | structure. (Dex +2, Stealth+) [potion of mutation]
  7063 | D:7      | Gained mutation: Your muscles are strong. (Str +4, Int/Dex
                  | -1) [potion of mutation]
  7313 | D:8      | Found a glowing silver altar of Zin.
  7363 | D:8      | Noticed Maurice
  7367 | D:8      | Killed Maurice
  7924 | D:8      | Reached ** piety under Dithmenos
  8099 | D:9      | Noticed Harold
  8114 | D:9      | Killed Harold
  8162 | D:9      | Reached XP level 11. HP: 104/104 MP: 12/12
  8328 | D:9      | Found a blossoming altar of Fedhas.
  8704 | D:10     | Entered Level 10 of the Dungeon
  8858 | D:10     | Noticed a lindwurm
  8910 | D:10     | Noticed a lindwurm
  8914 | D:10     | Noticed a lindwurm
  8914 | D:10     | Noticed a lindwurm
  8914 | D:10     | Found the +3 hat of Pondering {ponderous, Will+ MP+10
                  | Int+5}
  8918 | D:10     | Killed a lindwurm
  8920 | D:10     | Killed a lindwurm
  8921 | D:10     | Reached skill level 15 in Polearms
  8925 | D:10     | Killed a lindwurm
  8929 | D:10     | Killed a lindwurm
  8931 | D:10     | Identified the +12 spear of Pain and Death {speed, Int+2
                  | Dex+3}
  9098 | D:10     | Identified the +8 chain mail "Luegaaq" {Rampage rElec rCorr
                  | Dex-2}
  9621 | D:11     | Got the Compilation of the Voyage
  9640 | D:11     | Found a frozen archway.
  9641 | D:11     | Noticed Erica
  9645 | D:11     | Killed Erica
  9646 | D:11     | Reached skill level 5 in Invocations
  9673 | D:11     | Paralysed by a hornet for 2 turns
  9680 | D:11     | Reached *** piety under Dithmenos
  9833 | IceCv    | Entered an ice cave
 10552 | IceCv    | Reached **** piety under Dithmenos
 10842 | IceCv    | Reached XP level 12. HP: 111/111 MP: 14/14
 10879 | IceCv    | Noticed a reaper
 11038 | IceCv    | Killed a reaper
 11039 | IceCv    | Reached skill level 10 in Armour
 11288 | D:11     | Noticed Sonja
 11289 | D:11     | Found a staircase to the Orcish Mines.
 11311 | D:11     | Killed Sonja
 11387 | D:11     | Found a staircase to the Lair.
 12130 | Lair:1   | Entered Level 1 of the Lair of Beasts
 12213 | Lair:1   | Identified the orb of Devotion {mayhem, *Corrode rPois
                  | rN+++ Will+}
 12383 | Lair:1   | Identified the +4 dagger "Hellblazer" {heavy, rC+ Will-
                  | Str+2 Int+2}
 12811 | Lair:2   | Found a hole to the Spider Nest.
 12857 | Lair:2   | Reached ***** piety under Dithmenos
 13096 | Lair:2   | You fall into a shaft and drop 1 floor!
 13110 | Lair:3   | Reached skill level 5 in Stealth
 13451 | Lair:3   | Noticed a five-headed hydra
 13468 | Lair:3   | Killed a five-headed hydra
 13469 | Lair:3   | Reached XP level 13. HP: 76/119 MP: 15/17
 13596 | Lair:3   | Noticed Kirke
 13617 | Lair:3   | Killed Kirke
 13731 | Lair:3   | Found a staircase to the Shoals.
 14472 | Lair:3   | Noticed Snorg
 14480 | Lair:3   | Killed Snorg
 14594 | Lair:3   | Identified the +7 war axe of Stickiness {heavy, rC++
                  | Will+++}
 14722 | Lair:3   | Noticed Urug
 14730 | Lair:3   | Killed Urug
 14913 | Lair:4   | Found a staircase to the Slime Pits.
 14914 | Lair:4   | Found a viscous altar of Jiyva.
 16096 | Lair:5   | Entered Level 5 of the Lair of Beasts
 16418 | Lair:5   | Noticed an azure jelly
 16435 | Lair:5   | Killed an azure jelly
 16903 | Lair:5   | Reached XP level 14. HP: 129/129 MP: 18/18
 16935 | Lair:5   | Reached ****** piety under Dithmenos
 17110 | Lair:5   | Found a transporter.
 17112 | Lair:5   | Found a transporter.
 17115 | Lair:5   | Noticed Pooter's ghost (journeyman MiMo)
 17131 | Lair:5   | Reached skill level 15 in Armour
 17288 | Lair:5   | Killed Pooter's ghost
 17326 | Lair:5   | Identified the ring "Voitsu Dotz" {Drain EV+5 Int+8 Stlth-}
 17373 | Lair:5   | Reached skill level 1 in Shields
 17677 | Lair:5   | Upgraded the game from 0.30-a0-1157-g2cc9ac7196 to
                  | 0.30-a0-1160-g6e42c06551
 17895 | Lair:5   | Found a large runed translucent door.
 17895 | Lair:5   | Found a large runed translucent door.
 18470 | Orc:1    | Entered Level 1 of the Orcish Mines
 18552 | Orc:2    | Entered Level 2 of the Orcish Mines
 18822 | Orc:2    | Reached skill level 5 in Shields
 18831 | Orc:1    | Found Ehuxkudd's Distillery.
 18855 | Orc:1    | Found Votzid's Armour Shoppe.
 19255 | Orc:1    | Found Tefup's Antique Armour Shop.
 19270 | Orc:1    | Found Tanel's Antique Weapon Shop.
 19322 | Orc:1    | Found Beffaroef's Book Emporium.
 19516 | Orc:2    | Reached skill level 10 in Invocations
 19686 | Orc:2    | Found Aririatu's Armour Shoppe.
 19686 | Orc:2    | Found Feteme's Antique Weapon Shoppe.
 19688 | Orc:2    | Found Ecurous's Assorted Antiques.
 19691 | Orc:2    | Found a staircase to the Elven Halls.
 19702 | Orc:2    | Found Wues's Weapon Emporium.
 20149 | D:12     | Reached XP level 15. HP: 136/136 MP: 21/21
 20192 | D:12     | Identified the +1 whip of Governance {drain, rPois Will+}
 20202 | D:12     | Noticed Frances
 20218 | D:12     | Killed Frances
 20443 | D:12     | Found Dinepup's Pet Rocks.
 21212 | D:13     | Noticed Rupert
 21228 | D:13     | Killed Rupert
 21520 | D:13     | Found a gate to the Vaults.
 22265 | D:14     | Identified the +6 ring mail of Valour {rC+ Str-4 Dex+2}
 22753 | D:15     | Entered Level 15 of the Dungeon
 23091 | D:15     | Found a staircase to the Depths.
 23305 | D:15     | Noticed Josephine
 23309 | D:15     | Killed Josephine
 23691 | Spider:1 | Entered Level 1 of the Spider Nest
 23698 | Spider:1 | Noticed an emperor scorpion
 23727 | Spider:1 | Killed an emperor scorpion
 23996 | Spider:1 | Reached skill level 15 in Fighting
 24657 | Spider:2 | Reached XP level 16. HP: 144/149 MP: 23/23
 27837 | Spider:4 | Entered Level 4 of the Spider Nest
 28716 | Spider:4 | Noticed Arachne
 29086 | Shoals:1 | Entered Level 1 of the Shoals
 30006 | Shoals:1 | Noticed a kraken
 30041 | Shoals:1 | Killed a kraken
 30042 | Shoals:1 | Reached XP level 17. HP: 61/161 MP: 25/25
 31047 | Shoals:2 | Found a runed translucent door.
 31132 | Shoals:2 | Acquired a +3 demon trident of electrocution
 31674 | Shoals:2 | Noticed Jorgrun
 31695 | Shoals:2 | Killed Jorgrun
 31982 | Shoals:2 | Noticed Ilsuiw
 32004 | Shoals:2 | Killed Ilsuiw
 32006 | Shoals:2 | Reached skill level 10 in Stealth
 32749 | Shoals:3 | Found a runed translucent door.
 32749 | Shoals:3 | Noticed Busoho's ghost (adept MiFi)
 33635 | Shoals:4 | Entered Level 4 of the Shoals
 34041 | Shoals:4 | Reached skill level 10 in Shields
 34229 | Shoals:4 | Reached XP level 18. HP: 126/171 MP: 25/27
 34393 | Shoals:4 | Got a barnacled rune of Zot
 36622 | Spider:4 | Lost intelligence.
 36699 | Spider:4 | Killed Arachne
 36700 | Spider:4 | Reached skill level 10 in Dodging
 36812 | Spider:4 | Got a gossamer rune of Zot
 37849 | Depths:1 | Entered Level 1 of the Depths
 37907 | Depths:1 | Found a magical portal.
 37910 | WizLab   | Entered Zonguldrok's Shrine
 38665 | WizLab   | Noticed an antique lich
 38694 | WizLab   | Killed an antique lich
 38699 | WizLab   | Found the +9 sword of Zonguldrok {reap}
 38947 | Vaults:1 | Entered Level 1 of the Vaults
 40331 | Vaults:1 | Identified the +0 ring mail "Jaomanui" {rC+ SInv}
 40470 | Vaults:1 | Reached XP level 19. HP: 168/181 MP: 28/28
 41134 | Vaults:1 | Identified the +5 short sword "Jiontoin" {speed, SInv}
 41250 | Vaults:1 | Identified the +0 war axe of Viahosah {drain, rPois Dex+6}
 41250 | Vaults:1 | Identified the +2 robe of Proximity {+Inv rC+}
 41250 | Vaults:1 | Identified the amulet "Tegry" {Regen+ Int+4}
 41469 | Vaults:1 | Identified the +1 leather armour of Ytisatro {Harm}
 42613 | Vaults:2 | Found a staircase to the Crypt.
 43123 | Vaults:2 | Reached skill level 15 in Invocations
 43267 | Vaults:2 | Found Hesmaelo's Weapon Shoppe.
 43268 | Vaults:2 | Found Patra Dou's Book Boutique.
 43382 | Vaults:2 | Found Qivisea's Antique Armour Shoppe.
 44851 | Depths:1 | Paralysed by a floating eye for 2 turns
 45165 | Depths:1 | Noticed Osilorir's ghost (veteran MfMo)
 45167 | Depths:1 | Found a runed translucent door.
 45267 | Depths:1 | Reached XP level 20. HP: 193/193 MP: 30/30
 45565 | Depths:1 | Noticed Asterion
 46170 | D:5      | Killed Sigmund
 46940 | Vaults:3 | Found Catitsesm's General Store.
 46952 | Vaults:3 | Bought the ring "Junitid" {rC- Will+ Dex+3 Slay+2 SInv} for
                  | 776 gold pieces
 46952 | Vaults:3 | Bought a scroll of fear for 88 gold pieces
 46952 | Vaults:3 | Bought a scroll of teleportation for 66 gold pieces
 48047 | Vaults:3 | Reached skill level 15 in Stealth
 48685 | Vaults:4 | Acquired 568 gold pieces
 50662 | Vaults:4 | Reached XP level 21. HP: 112/204 MP: 32/32
 52509 | D:15     | Killed Asterion
 53130 | Depths:1 | Found a gateway to Hell.
 53139 | Hell     | Entered the Vestibule of Hell
 53147 | Depths:1 | Acquired 1044 gold pieces
 53191 | Depths:1 | Found a sparkling altar of Nemelex Xobeh.
 53271 | Depths:1 | Identified the +8 flail "Hydrabane" {freeze, Int+5}
 53283 | Depths:1 | Found a shimmering altar of Xom.
 53541 | Depths:2 | Noticed a golden dragon
 53565 | Depths:2 | Noticed a caustic shrike
 53572 | Depths:2 | Killed a golden dragon
 53590 | Depths:2 | Killed a caustic shrike
 53841 | Depths:2 | Noticed a juggernaut
 53845 | Depths:2 | Noticed a golden dragon
 54026 | Depths:2 | Found Weuxkum's Armour Emporium.
 54115 | Depths:2 | Found a one-way gate leading to the halls of Pandemonium.
 54240 | Depths:2 | Noticed Sojobo
 54252 | Depths:2 | Paralysed by an air elemental for 1 turns
 54256 | Depths:2 | Paralysed by an air elemental for 1 turns
 54262 | Depths:2 | Paralysed by an air elemental for 1 turns
 55270 | Depths:2 | Paralysed by an air elemental for 1 turns
 55434 | Depths:1 | Paralysed by an air elemental for 1 turns
 55463 | Depths:1 | Killed Sojobo
 55680 | Depths:2 | Identified the +6 rapier of Sehofreh {venom, Str+3}
 55856 | Depths:1 | Killed a juggernaut
 56873 | Depths:1 | Killed a golden dragon
 57305 | Depths:2 | Identified the staff of cold "Naig" {rC+ Str+6}
 57334 | Depths:2 | Noticed a caustic shrike
 57349 | Depths:2 | Killed a caustic shrike
 57664 | Depths:2 | Noticed a golden dragon
 57680 | Depths:2 | Killed a golden dragon
 57722 | Depths:2 | Noticed a golden dragon
 57855 | Depths:2 | Killed a golden dragon
 58172 | Depths:2 | Upgraded the game from 0.30-a0-1160-g6e42c06551 to
                  | 0.32-a0-699-g1ee5eff69a
 58481 | Depths:3 | Noticed a golden dragon
 58663 | Depths:3 | Found Puitoheo's Jewellery Emporium.
 58665 | Depths:3 | Found a runed translucent door.
 58674 | Depths:3 | Bought the ring "Meypiqoa" {rElec rCorr Str+6 Int-2} for
                  | 1079 gold pieces
 58686 | Depths:3 | Found a shimmering altar of Xom.
 58686 | Depths:3 | Identified the +2 battleaxe of Change {chaos, rElec rPois
                  | rF+ rC- Int+5 Dex-4}
 58686 | Depths:3 | Noticed Cagrigri's ghost (adept TrMo)
 58847 | Depths:3 | Reached XP level 22. HP: 174/213 MP: 33/33
 59425 | Depths:3 | Found a one-way gateway to a ziggurat.
 59445 | Depths:3 | Paralysed by a sphinx for 3 turns
 59448 | Depths:3 | Identified the +7 halberd "Joporadd" {elec, rPois rF+++
                  | Int-2 Stlth+}
 59497 | Depths:3 | Killed a golden dragon
 59987 | Depths:3 | Identified the +3 kite shield of the Morning Star {*Slow
                  | Regen+ Int+2}
 60039 | Depths:3 | Found a one-way gate to the infinite horrors of the Abyss.
 61147 | Depths:4 | Entered Level 4 of the Depths
 61200 | Depths:4 | Noticed Parghit
 62415 | Depths:3 | Upgraded the game from 0.32-a0-699-g1ee5eff69a to
                  | 0.32-a0-705-g60f233581c
 62842 | Depths:4 | Noticed Grunn
 63003 | Depths:4 | Noticed a golden dragon
 63031 | Depths:4 | Killed a golden dragon
 63166 | Depths:4 | Noticed a golden dragon
 63190 | Depths:4 | Killed a golden dragon
 63523 | Depths:4 | Hit by a large rock thrown by Parghit

Illustrated notes

...... ... .. #
..?...# #####.#
....... ......#
...#########..#
..............#
#............#
#.....@...?.#
.............#
#............#
##.#########.#
#..... .....#
#####. .(....
+. ... ... #.
.......


Turn 0 on D:1: +Dith ...... ... .. # ..?...# #####.# ....... ......#
...#########..# ..............# #............# #.....@...?.# .............#
#............# ##.#########.# #..... .....# #####. .(.... +. ... ... #. .......
Turn 0 on D:1: +1h pole +Shi +Ste -Evo -Miss

Levels and vault maps discovered:
D:1:      minmay_arrival_semitransparent, layout_basic
D:2:      layout_basic, basic_altar, serial_shops, shop, shop,
          nicolae_square_shop, nicolae_shop_trees
D:3:      layout_basic, mainiacjoe_overflow_cross_hatched, minmay_distorted,
          uniq_jessica, uniq_grinder, uniq_ijyb, uniq_crazy_yiuf_cottage
D:4:      layout_loops_corners, minitemple, minmay_temple_entry_from_below_b,
          serial_shops, nicolae_shop_tiny_real_fake_doors,
          nicolae_ossuary_entry_catacombs, minivault_27
D:5:      layout_cave_pods, uniq_sigmund, uniq_prince_ribbit1,
          uniq_blork_the_orc
D:6:      layout_layer_cave, mainiacjoe_overflow_six_doors_small,
          nicolae_overflow_crystal_walls, kennysheep_flooded_box, uniq_eustachio
D:7:      layout_cave_pools, kennysheep_generic_room_11, uniq_maggie,
          uniq_joseph
D:8:      layout_loops_ring, lemuel_doored_altar, uniq_maurice
D:9:      layout_basic, mainiacjoe_overflow_alcove_1, uniq_harold
D:10:     layout_gridville, st_stairs_12, solitary_fountain,
          minmay_lindwurm_lava
D:11:     layout_cave_pods, lair_entry_dummy, erik_orc_4, portal_ice_cave_rime,
          uniq_sonja, uniq_erica
D:12:     layout_rooms, guppyfry_shop_earth, uniq_frances
D:13:     layout_roguey, ximxim_vaults_locker_room, uniq_rupert
D:14:     layout_roguey, minmay_staircase_statues, minivault_19
D:15:     grunt_enter_depths_hoard, layout_small_grid, roderic_roman_lattice,
          uniq_josephine
Temple:   regret_index_temple_generic_petals
Lair:1:   layout_misc_corridors, st_stairs_13, serial_bayou_shore_a
Lair:2:   layout_cellular_growth, nicolae_spider_entry_non_spiders
Lair:3:   layout_cave_pods, minmay_shoals_entry_centaurs, uniq_urug, uniq_kirke,
          uniq_snorg
Lair:4:   layout_layer_cave, minmay_slime_entry_pillars, bh_autumn_forest_stairs
Lair:5:   cheibrodos_lair_end_hotspot, layout_regular_city,
          gammafunk_ghost_hive, nicolae_lair_time_for_slime
Shoals:1: layout_shoals
Shoals:2: nicolae_shoals_offshore_bank_account, layout_shoals, uniq_ilsuiw,
          uniq_jorgrun
Shoals:3: layout_shoals, gammafunk_ghost_grave
Shoals:4: shoals_end_hellmonk_lost_city
Spider:1: layout_spider_delve
Spider:2: layout_spider_delve, drop_trap, hellmonk_test_site
Spider:3: layout_chambers, hangedman_spider_tarantella_strand
Spider:4: johnstein_spider_rune_arachne_lair
Orc:1:    layout_caves, serial_shops, shop, nicolae_shop_hallway_stairs,
          nicolae_diamond_shop, shop, shop
Orc:2:    st_orc_open, layout_caves, basic_altar, roderic_batcave
Vaults:1: nicolae_vaults_little_squares_5, ontoclasm_vaults_ring_large,
          v_rooms_2, nicolae_vaults_apartment_1,
          nicolae_vaults_storing_the_good_stuff, v_misc_9,
          vaults_dpeg_emergency_exit, nicolae_vaults_closet_pinwheel_6,
          nicolae_vaults_closet_pinwheel_5, v_alt_pattern_2,
          layout_vaults_omnigrid
Vaults:2: nicolae_vaults_specimen_jars, minmay_crypt_entry_vampire_xt,
          nicolae_vaults_network_quincunx
          [nicolae_vaults_network_quincunx_subvault,
          nicolae_vaults_network_quincunx_subvault,
          nicolae_vaults_network_quincunx_subvault,
          nicolae_vaults_network_quincunx_subvault,
          nicolae_vaults_network_quincunx_subvault],
          nicolae_vaults_angled_halls, v_rooms_4, st_check, v_misc_26,
          vaults_dpeg_ring, v_pattern_4, grunt_vaults_funnel,
          layout_vaults_chaotic_city, serial_shops,
          nicolae_shop_bloodbath_and_beyond, shop, nicolae_shop_peninsula
Vaults:3: vaults_mumra_minichess, hangedman_vaults_locks, v_misc_17,
          hangedman_vaults_slice, nicolae_vaults_network_quinsquares
          [nicolae_vaults_network_quincunx_subvault,
          nicolae_vaults_network_quincunx_subvault,
          nicolae_vaults_network_quincunx_subvault,
          nicolae_vaults_network_quincunx_subvault], nicolae_vaults_trapezoid_3,
          ontoclasm_vaults_eye, nicolae_vaults_closet_pinwheel_4,
          nicolae_vaults_tetromino_T_1, nicolae_vaults_tetromino_T_1,
          ontoclasm_vaults_gateway, layout_vaults_maze_snakey, serial_shops,
          shop
Vaults:4: nicolae_vaults_trapezoid_lopsided_4, nicolae_vaults_gold_heap,
          grunt_vaults_trifunnel, grunt_vaults_focal,
          vaults_mumra_minichess_inversion, nicolae_vaults_cochlea,
          vaults_room_grunt_arrival_checkpoint, vaults_standard_mumra_x,
          vaults_mumra_bighexcomb, vaults_mumra_hex, ontoclasm_vaults_twist,
          serial_ice_h, nicolae_vaults_tetromino_L_2, layout_vaults_omnibox
Depths:1: layout_cave_pools, mu_enter_wizlab_7, hellmonk_ghost_happy_afterlife,
          pf_vacation_house_of_asmodeus, nemelex_diamond_rough_becter, tgw_xom,
          serial_bayou_shore_b, uniq_asterion
Depths:2: angbandy_vault, layout_cave_pools, serial_bayou_shore_b, pan_entry,
          serial_shops, nicolae_shop_hallway_plus, hell_entry, uniq_sojobo
Depths:3: minmay_ambush_box, layout_gridlike, enter_ziggurat_b, abyss_entry,
          ebering_ghost_xom, grunt_hell_horde, serial_shops, shop,
          grunt_ministairs_10, kennysheep_generic_room_16
Depths:4: lemuel_castle_with_subvaults [lemuel_castle_interior_carwin_3],
          layout_cave_pools, minmay_misc_feat_more_columns, hell_entry,
          kennysheep_random_hallway, uniq_grunn, uniq_parghit
Hell

Skill      XL: |  1  2  3  4  5  6  7  8  9 10 11 12 13 14 15 16 17 18 19 20 21 22 |
---------------+-------------------------------------------------------------------+-----
Fighting       | 3 4 10 11 12 13 15 17 18 20 21 22 | 22.5
Stealth        | 1 2 3 4 5 6 8 9 10 11 14 15 | 15.8
Dodging        | 1 2 4 7 8 10 11 12 | 12.9
Polearms       | 7 8 9 12 13 14 15 17 18 19 20 22 | 22.0
Armour         | 5 6 9 12 14 16 18 19 21 | 21.5
Invocations    | 1 2 5 6 7 10 11 12 13 14 15 16 17 | 17.9
Shields        | 5 7 8 10 11 12 13 | 13.1

Action                     |  1- 3 |  4- 6 |  7- 9 | 10-12 | 13-15 | 16-18 | 19-21 | 22-24 || total
---------------------------+-------+-------+-------+-------+-------+-------+-------+-------++-------
  Melee: Trident           |   101 |    52 |       |       |       |       |       |       ||   153
         Headbutt          |    17 |    10 |    14 |    89 |   317 |   591 |   850 |   262 ||  2150
         Glaive            |       |    23 |   141 |   245 |       |       |       |       ||   409
         Spear             |       |       |       |   351 |  1410 |  2247 |  2621 |   778 ||  7407
  Throw: Throwing net      |       |       |       |       |     2 |     1 |     4 |       ||     7
  Evoke: Wand              |       |       |       |     6 |     4 |     5 |     5 |       ||    20
         Phantom mirror    |       |       |       |       |       |       |       |     1 ||     1
    Use: Scroll            |     5 |     4 |     2 |     8 |     1 |    11 |     6 |       ||    37
         Potion            |     2 |     3 |     5 |     7 |     2 |     8 |     1 |     3 ||    31
   Stab: Sleeping          |       |     2 |     9 |    36 |    56 |    62 |    60 |     5 ||   230
         Distracted        |       |       |     1 |     5 |    21 |    31 |    45 |     9 ||   112
         Held in net/web   |       |       |       |     3 |     5 |     1 |     4 |       ||    13
         Invisible         |       |       |       |       |    15 |       |       |     9 ||    24
 Armour: Ring mail         |    13 |    17 |    27 |    69 |    18 |       |       |       ||   144
         Skin              |       |     5 |     2 |       |       |       |       |       ||     7
         Scale mail        |       |       |       |    21 |       |       |       |       ||    21
         Chain mail        |       |       |       |       |   156 |   586 |   627 |   317 ||  1686
  Dodge: Dodged            |    17 |    20 |    51 |   201 |   223 |   626 |   781 |   256 ||  2175
  Block: Other             |       |       |     1 |    51 |       |       |       |       ||    52
         Reflection        |       |       |       |     8 |     5 |    11 |     8 |       ||    32
         Kite shield       |       |       |       |    45 |       |       |       |       ||    45
         Orb               |       |       |       |    11 |    73 |   207 |   231 |       ||   522

Table legend: (Time is in decaauts)
 A = Elapsed time spent in this place.
 B = Non-inter-level travel time spent in this place.
 C = Inter-level travel time spent in this place.
 D = Time resting spent in this place.
 E = Time spent auto-exploring this place.
 F = Levels seen in this place.
 G = Mean time per level.
                   A        B        C        D        E       F      G
               +--------+--------+--------+--------+--------+-----+--------+
         Total |  58870 |  53629 |   5241 |  17841 |  21142 |  43 | 1369.1 |
       Dungeon |  16878 |  14650 |   2228 |   3221 |   7897 |  15 | 1125.2 |
        Temple |    289 |    267 |     22 |      0 |    252 |   1 |  289.0 |
          Lair |   6077 |   5446 |    631 |    599 |   3223 |   5 | 1215.4 |
        Shoals |   5413 |   5195 |    218 |   1842 |   1983 |   4 | 1353.2 |
   Spider Nest |   7316 |   6577 |    739 |   2724 |   2132 |   4 | 1829.0 |
  Orcish Mines |   1459 |   1403 |     56 |     79 |    644 |   2 |  729.5 |
        Vaults |   9556 |   8784 |    772 |   3456 |   3100 |   4 | 2389.0 |
        Depths |   9609 |   9037 |    572 |   4807 |   1699 |   4 | 2402.2 |
          Hell |      1 |      1 |      0 |      0 |      0 |   1 |    1.0 |
       Ossuary |    169 |    169 |      0 |      0 |      4 |   1 |  169.0 |
      Ice Cave |   1377 |   1377 |      0 |    794 |    174 |   1 | 1377.0 |
        Wizlab |    720 |    720 |      0 |    316 |     33 |   1 |  720.0 |
               +--------+--------+--------+--------+--------+-----+--------+

Top non-repeatable levels by time:
Depths:1: 3477 daAuts
Depths:3: 3249 daAuts
    D:15: 3221 daAuts
Spider:3: 3023 daAuts
Vaults:1: 2977 daAuts
Vaults:2: 2867 daAuts
Depths:2: 2152 daAuts
Vaults:4: 2030 daAuts
Spider:4: 1889 daAuts
  Lair:5: 1863 daAuts
Shoals:2: 1761 daAuts
Vaults:3: 1681 daAuts
Shoals:1: 1637 daAuts
     D:6: 1577 daAuts
Spider:2: 1461 daAuts
